 Dungeon Crawl Stone Soup version 0.28-a0-1213-g0243856f03 (webtiles) character file.

Game seed: 146869316027785188

18 ytrimaz the Insei (level 2, -5/18 HPs)
             Began as an Octopode Transmuter on Dec 21, 2021.
             Slain by a gnoll (9 damage)
             ... on level 1 of the Dungeon.
             The game lasted 00:01:06 (851 turns).

ytrimaz the Insei (Octopode Transmuter)              Turns: 851, Time: 00:01:07

Health: -5/18      AC:  1    Str:  9    XL:     2   Next: 66%
Magic:  4/5        EV: 13    Int: 15    God:
Gold:   21         SH:  0    Dex: 12    Spells: 2/5 levels left

rFire   . . .      SeeInvis .     - Unarmed
rCold   . . .      Faith    .   (no shield)
rNeg    . . .      Spirit   .   (helmet currently unavailable)
rPois   .          Reflect  .   (no amulet)
rElec   .          Harm     .   (no ring)
rCorr   .          Rampage  .   (no ring)
Will    .....                   (no ring)
Stlth   ++........              (no ring)
HPRegen 0.06/turn               (no ring)
MPRegen 0.09/turn               (no ring)
                                (no ring)
                                (no ring)

@: appendages
A: tentacle spike 3, almost no armour, amphibious, 8 rings, camouflage 1,
gelatinous body 1, (nimble swimmer 1), tentacles
a: End Transformation


You were on level 1 of the Dungeon.
One of your tentacles had grown a beastly spike.
You visited 1 branch of the dungeon, and saw 1 of its levels.

You collected 21 gold pieces.

Inventory:

Scrolls
 a - a scroll of noise {unknown}
 c - a scroll of immolation {unknown}
Potions
 b - a potion of brilliance {unknown}
 d - a potion of degeneration {unknown}
 e - a potion of attraction {unknown}


   Skills:
 * Level 1.3 Fighting
 * Level 2.1 Dodging
 + Level 3.2 Unarmed Combat
 * Level 2.2 Spellcasting
 * Level 2.2 Transmutations


You had 2 spell levels left.
You knew the following spells:

 Your Spells              Type           Power      Damage    Failure   Level
a - Beastly Appendage     Tmut           16%        N/A       9%          1
b - Wereblood             Tmut           8%         N/A       13%         2

Your spell library contained the following spells:

 Spells                   Type           Power      Damage    Failure   Level
 Spider Form              Tmut/Pois      5%         N/A       38%         3
 Ice Form                 Ice/Tmut       5%         N/A       80%         4


Dungeon Overview and Level Annotations

Branches:
Dungeon (1/15)

Altars:


Innate Abilities, Weirdness & Mutations

One of your tentacles has grown a beastly spike.
You cannot wear most types of armour.
You are amphibious.
You can wear up to eight rings at the same time.
Your skin changes colour to match your surroundings (Stealth+).
Your rubbery body absorbs attacks. (AC +1, EV +1)
((You are camouflaged when in or above water. (Stealth+)))
You have tentacles for arms and can constrict up to eight enemies at once.


Message History

A dart slug is nearby!
You tentacle-slap the dart slug. You grab the dart slug.
You squeeze the dart slug.
The dart slug is heavily wounded.
You constrict the dart slug. The dart slug barely misses you.
You tentacle-slap the dart slug but do no damage.
The dart slug is severely wounded.
You constrict the dart slug. You tentacle-slap the dart slug.
You kill the dart slug!
You see here a dart slug corpse.
No target in view!
e - a cyan potion
Found 6 javelins.
A gnoll comes into view. It is wielding a +0 spear.
A gnoll is nearby!
Okay, then.
The gnoll shouts!
Unknown command.
Casting: Beastly Appendage (safe; 9% risk of failure)
Confirm with . or Enter, or press ? or * to list all spells.
One of your tentacles grows a vicious spike.
The gnoll barely misses you. The gnoll hits you with a +0 spear.
You tentacle-slap the gnoll but do no damage.
Your grab misses the gnoll.
Your tentacle spike misses the gnoll.
You tentacle-slap the gnoll. Your grab misses the gnoll.
The gnoll is lightly wounded.
The gnoll hits you with a +0 spear!
Ouch! That really hurt!
* * * LOW HITPOINT WARNING * * *
You closely miss the gnoll. Your grab misses the gnoll.
You pierce the gnoll.
The gnoll is moderately wounded.
The gnoll completely misses you.
You barely miss the gnoll. You grab the gnoll.
You pierce the gnoll.
You squeeze the gnoll.
The gnoll is heavily wounded.
You constrict the gnoll. The gnoll hits you with a +0 spear!
Ouch! That really hurt!
You die...

#.## ########## #.#
.........# #.#
########.# #######.#
.(.......# #.......#
########.###.#######
##.#....#######
##########..............
......g@...........#####
########...........#
#.###.......##
#............####
#..##............
#..##........####
#..##........####
#..#.............
#..##.....†..####


You could see a gnoll.

Vanquished Creatures
  A dart slug (D:1)
  2 ball pythons (D:1)
  2 bats (D:1)
  An endoplasm (D:1)
  A goblin (D:1)
  4 jackals (D:1)
  A kobold (D:1)
  A frilled lizard (D:1)
  A rat (D:1)
14 creatures vanquished.

Notes
Turn   | Place    | Note
-------+----------+-------------------------------------------
     0 | D:1      | ytrimaz the Octopode Transmuter began the quest for the
                  | Orb.
     0 | D:1      | Reached XP level 1. HP: 13/13 MP: 3/3
   135 | D:1      | Found a faded altar of an unknown god.
   352 | D:1      | Reached XP level 2. HP: 12/18 MP: 3/5
   648 | D:1      | Learned a level 2 spell: Wereblood
   851 | D:1      | Slain by a gnoll

Illustrated notes

Levels and vault maps discovered:
D:1:      mushboom_english_gardens, layout_loops_ring,
          hellmonk_ecumenical_altar_zigzags

Action                   || total
-------------------------++-------
Melee: Unarmed           ||    42
       Constrict         ||     9
       Kick              ||     7
       Tentacles         ||     5
       Punch             ||     1
 Cast: Beastly Appendage ||     7
 Stab: Sleeping          ||     1
Armor: Skin              ||     2
Dodge: Dodged            ||    29

Table legend: (Time is in decaauts)
 A = Elapsed time spent in this place.
 B = Non-inter-level travel time spent in this place.
 C = Inter-level travel time spent in this place.
 D = Time resting spent in this place.
 E = Time spent auto-exploring this place.
 F = Levels seen in this place.
 G = Mean time per level.
                   A        B        C        D        E       F      G
               +--------+--------+--------+--------+--------+-----+--------+
         Total |    848 |    848 |      0 |    273 |    461 |   1 |  848.0 |
       Dungeon |    848 |    848 |      0 |    273 |    461 |   1 |  848.0 |
               +--------+--------+--------+--------+--------+-----+--------+

Top non-repeatable levels by time:
     D:1: 848 daAuts
